 Dungeon Crawl Stone Soup version 0.30-a0-782-ge64f9170bb (webtiles) character file.

Game seed: 1338896006915994205

51 M4edhros the Ducker (level 3, -4/25 HPs)
             Began as an Octopode Artificer on Feb 20, 2023.
             Slain by a goblin
             ... wielding a +2 dagger of electrocution
             ... led by Robin
              (11 damage)
             ... on level 4 of the Dungeon.
             The game lasted 00:01:22 (844 turns).

M4edhros the Ducker (Octopode Artificer)             Turns: 844, Time: 00:01:24

Health: -4/25      AC:  1    Str: 11    XL:     3   Next: 83%
Magic:  3/3        EV: 14    Int: 13    God:
Gold:   49         SH:  0    Dex: 14    Spells: 2/2 levels left

rFire   . . .      SeeInvis .    a - +0 morningstar (venom)
rCold   . . .      Faith    .    (no shield)
rNeg    . . .      Spirit   .    (helmet restricted)
rPois   .          Reflect  .    (no amulet)
rElec   .          Harm     .    (no ring)
rCorr   .          Rampage  .    (no ring)
Will    .....                    (no ring)
Stlth   +++                      (no ring)
HPRegen 0.24/turn                (no ring)
MPRegen 0.08/turn                (no ring)
                                 (no ring)
                                 (no ring)

@: no status effects
A: almost no armour, amphibious, 8 rings, camouflage 1, gelatinous body 1,
(nimble swimmer 1), tentacles
a: no special abilities


You were on level 4 of the Dungeon.
You visited 1 branch of the dungeon, and saw 4 of its levels.

You collected 49 gold pieces.

Inventory:

Hand Weapons
 a - a +0 morningstar of venom (weapon)
 i - a +0 sling
Missiles
 k - 2 poisoned darts
 l - 3 datura-tipped darts
Wands
 b - a wand of flame (14) (quivered)
 c - a wand of charming (15)
 d - a wand of iceblast (5)
Scrolls
 g - a scroll of immolation {unknown}
 j - 2 scrolls of identify {unknown}
Potions
 e - a potion of might {unknown}
 f - a potion of heal wounds {unknown}
 h - a potion of haste {unknown}
 m - a potion of brilliance {unknown}


   Skills:
 + Level 2.4 Fighting
 * Level 0.6 Maces & Flails
 + Level 3.3 Dodging
 - Level 1.3 Stealth
 - Level 3.2 Evocations


You had 2 spell levels left.
You didn't know any spells.
Your spell library was empty.

Dungeon Overview and Level Annotations

Branches:
Dungeon (4/15)
 Temple: D:4-7

Altars:

Annotations:
D:4 Robin


Innate Abilities, Weirdness & Mutations

You cannot wear most types of armour.
You are amphibious.
You can wear up to eight rings at the same time.
Your skin changes colour to match your surroundings (Stealth+).
Your rubbery body absorbs attacks. (AC +1, EV +1)
((You are camouflaged when in or above water. (Stealth+)))
You have tentacles for arms and can constrict up to eight enemies at once.


Message History

Found 11 gold pieces and 2 throwing nets.
The goblin shouts! x2; You hear a shout!
The hobgoblin shouts! x2
The goblin shouts! x2; You hear a shout!
The hobgoblin shouts!
A goblin comes into view. It is wielding a +0 dagger.
Robin of the Strong Arm comes into view.
They are wielding a +0 club.
The hobgoblin moves out of view.
You closely miss the goblin.
The goblin shouts! x2
You grab the goblin. You constrict the goblin.
The goblin completely misses you. The goblin hits you with a +0 club.
Robin's horned helmet rattles.
You hit the goblin.
You kill the goblin!
The goblin barely misses you.
A goblin comes into view. It is wielding a +0 dagger.
Robin throws the goblin at you! The goblin hits you but does no damage.
The hobgoblin hits you. Robin throws the goblin at you!
The goblin barely misses you.
The goblin moves out of view.
You puncture the goblin!
You kill the goblin!
The goblin hits you with a +0 club. The hobgoblin misses you.
The goblin hits you but does no damage.
Robin roars a battlecry!
The goblins go into a battle-frenzy!
You sock the goblin!
You kill the goblin!
The hobgoblin barely misses you. The goblin completely misses you.
A quokka comes into view.
Robin throws the goblin at you! The goblin misses you.
The goblin closely misses you. The hobgoblin closely misses you.
You are too injured to fight recklessly!
You barely miss the goblin. You grab the goblin. You constrict the goblin.
The hobgoblin barely misses you. The goblin misses you.
The goblin hits you with a +0 club.
You sock the goblin!
You kill the goblin!
The goblin hits you with a +2 dagger of electrocution.
* * * LOW HITPOINT WARNING * * *
You are electrocuted!
You die...

## . ### ###
#.###..
#<###.##..#....
##...$.#...?....
#..............
##.........#..
#.#####)#.# ###
#@# #
#...gggg....#
#....#g.......
......##g#.....
..$## r#...## ..
g. ..# . .. ...
(.. ...


You could see Robin, a quokka, 3 hobgoblins and 3 goblins.

Vanquished Creatures
  2 adders
  2 worms
  An orc (D:3)
  3 ball pythons
  3 bats
  2 endoplasms
  A giant cockroach (D:3)
  5 goblins
  A hobgoblin (D:2)
  2 kobolds (D:1)
  A quokka (D:1)
  A frilled lizard (D:2)
  3 rats (D:3)
27 creatures vanquished.

Vanquished Creatures (others)
  2 withered plants (D:3)
2 creatures vanquished.

Grand Total: 29 creatures vanquished

Notes
Turn   | Place    | Note
-------+----------+-------------------------------------------
     0 | D:1      | M4edhros the Octopode Artificer began the quest for the
                  | Orb.
     0 | D:1      | Reached XP level 1. HP: 13/13 MP: 1/1
    64 | D:1      | Reached XP level 2. HP: 16/18 MP: 2/2
   127 | D:1      | You fall into a shaft and drop 1 floor!
   283 | D:2      | Reached XP level 3. HP: 7/24 MP: 3/3
   769 | D:3      | Found a faded altar of an unknown god.
   838 | D:4      | Noticed Robin
   844 | D:4      | Slain by a goblin

Illustrated notes

Levels and vault maps discovered:
D:1:      roderic_chinese_lattice_arrival, layout_rooms, minmay_pentomino_s2
D:2:      layout_basic, minmay_misc_feat_more_columns, minmay_lizard_pond
D:3:      minmay_general_purpose_star, layout_basic,
          ebering_ecumenical_altar_petrified
D:4:      layout_cave_pools, mainiacjoe_overflow_big_doors, uniq_blork_the_orc,
          uniq_robin

Skill      XL: |  1  2 |
---------------+-------+-----
Fighting       | 2 |  2.4
Dodging        | 3 |  3.3
Maces & Flails | |  0.6
Stealth        | |  1.3
Evocations     | |  3.2

Action                     || total
---------------------------++-------
  Melee: Unarmed           ||    46
         Tentacles         ||    17
         Constrict         ||    15
         Punch             ||     1
         Morningstar       ||    19
  Evoke: Wand              ||     1
    Use: Potion            ||     1
   Stab: Sleeping          ||     9
 Armour: Skin              ||     9
  Dodge: Dodged            ||    39

Table legend: (Time is in decaauts)
 A = Elapsed time spent in this place.
 B = Non-inter-level travel time spent in this place.
 C = Inter-level travel time spent in this place.
 D = Time resting spent in this place.
 E = Time spent auto-exploring this place.
 F = Levels seen in this place.
 G = Mean time per level.
                   A        B        C        D        E       F      G
               +--------+--------+--------+--------+--------+-----+--------+
         Total |    851 |    841 |     10 |    159 |    438 |   4 |  212.8 |
       Dungeon |    851 |    841 |     10 |    159 |    438 |   4 |  212.8 |
               +--------+--------+--------+--------+--------+-----+--------+

Top non-repeatable levels by time:
     D:3: 389 daAuts
     D:2: 318 daAuts
     D:1: 127 daAuts
     D:4: 16 daAuts
